 Dungeon Crawl Stone Soup version 0.31-a0-435-g2c6fae2916 (webtiles) character file.

Game seed: 4847613927853153697

52 Grim the Gusty (level 3, -4/19 HPs)
             Began as a Deep Elf Air Elementalist on Aug 1, 2023.
             Killed by nerve-wracking pain
             ... invoked by Jessica
              (7 damage)
             ... on level 2 of the Dungeon.
             The game lasted 00:02:08 (1253 turns).

Grim the Gusty (Deep Elf Air Elementalist)          Turns: 1253, Time: 00:02:09

Health: -4/19      AC:  2    Str:  5    XL:     3   Next: 60%
Magic:  3/9        EV: 12    Int: 21    God:
Gold:   20         SH:  0    Dex: 15    Spells: 5/8 levels left

rFire   . . .        d - +4 whip
rCold   . . .        (no shield)
rNeg    . . .        a - +0 robe
rPois   .            (no helmet)
rElec   .            (no cloak)
rCorr   .            (no gloves)
SInv    .            (no boots)
Will    .....        (no amulet)
Stlth   ++           (no ring)
HPRegen 0.23/turn    (no ring)
MPRegen 0.11/turn

%: no passive effects
@: no status effects
A: no striking features
a: no special abilities


You were on level 2 of the Dungeon.
You visited 1 branch of the dungeon, and saw 2 of its levels.

You collected 20 gold pieces.

Inventory:

Hand Weapons
 d - a +4 whip (weapon)
Armour
 a - a +0 robe (worn)
Jewellery
 h - an amulet of faith
Scrolls
 c - a scroll of fog {unknown}
 e - a scroll of blinking {unknown}
 j - 3 scrolls of enchant armour {unknown}
 k - a scroll of identify {unknown}
 m - a scroll of noise {unknown}
 n - 2 scrolls of teleportation {unknown}
Potions
 b - 2 potions of magic
 f - a potion of curing {unknown}
 g - a potion of degeneration {unknown}
 i - 2 potions of enlightenment {unknown}
 l - a potion of attraction {unknown}


   Skills:
 - Level 2.4 Dodging
 - Level 2.4 Stealth
 - Level 3.0 Spellcasting
 + Level 2.8 Conjurations
 + Level 3.9 Air Magic


You had 5 spell levels left.
You knew the following spells:

 Your Spells              Type           Power      Damage    Failure   Level
a - Shock                 Conj/Air       68%        1d7       3%          1
b - Static Discharge      Conj/Air       34%        2-4/arc   4%          2

Your spell library contained the following spells:

 Spells                   Type           Power      Damage    Failure   Level
 Swiftness                Air            19%        N/A       8%          3
 Airstrike                Air            9%         2d(2-18)  26%         4


Dungeon Overview and Level Annotations

Branches:
Dungeon (2/15)

Altars:

Shops:
D:2 (

Annotations:
D:2 Jessica


Message History

Confirm with . or Enter, or press ? or * to list all spells.
Aiming: Shock (safe; 4% risk of failure)
Press: ? - help, Shift-Dir - straight line The zap hits Terence but does no damage.
Terence is heavily wounded.
The zap misses Terence.
Terence says, "Don't bother to defend, it's senseless."
Terence hits you with a +0 hand axe.
Casting: Shock (safe; 4% risk of failure)
Confirm with . or Enter, or press ? or * to list all spells.
Aiming: Shock (safe; 4% risk of failure)
Press: ? - help, Shift-Dir - straight line The zap hits Terence.
Terence is severely wounded.
The zap hits Terence.
Terence is severely wounded.
Terence hits you with a +0 hand axe.
* * * LOW HITPOINT WARNING * * *
Casting: Shock (safe; 4% risk of failure)
Confirm with . or Enter, or press ? or * to list all spells.
Aiming: Shock (safe; 4% risk of failure)
Press: ? - help, Shift-Dir - straight line The zap hits Terence.
Terence is almost dead.
The zap misses Terence.
Terence hits you with a +0 hand axe!
* * * LOW HITPOINT WARNING * * *
Unknown command.
Casting: Shock (safe; 4% risk of failure)
Confirm with . or Enter, or press ? or * to list all spells.
Aiming: Shock (safe; 4% risk of failure)
Press: ? - help, Shift-Dir - straight line The zap hits Terence.
You kill Terence!
You have reached level 3!
Your experience leads to an increase in your attributes!
Increase (S)trength, (I)ntelligence, or (D)exterity?
You feel clever. x2
Jessica points at you and mumbles some strange words.
Pain shoots through your body!
You die...

..........#.# #####.#.######
###.##.#.....## #.....#
.........)#.#########.###.###
##.##.#................# #...#
#.##.##.###@.@........###.#.#
#........[..##.######.....#.##
####.##.###.##.# ###.##...## #
#.##.# #.##..... ..##@#
#####.##...##
####.####.....###.##
#...##.#######.#
###............#
#..#..######## #.†#..# #>.#..#
#..#..# #..#...


You could see Jessica.

Vanquished Creatures
  Terence (D:2)
  An adder (D:2)
  2 ball pythons
  3 bats (D:1)
  2 endoplasms (D:1)
  A giant cockroach (D:1)
  A goblin (D:1)
  A hobgoblin (D:1)
  A quokka (D:1)
  A frilled lizard (D:2)
  A kobold (D:1)
  2 rats
17 creatures vanquished.

Notes
Turn   | Place    | Note
-------+----------+-------------------------------------------
     0 | D:1      | Grim the Deep Elf Air Elementalist began the quest for the
                  | Orb.
     0 | D:1      | Reached XP level 1. HP: 10/10 MP: 6/6
   379 | D:1      | Reached XP level 2. HP: 15/15 MP: 6/8
   382 | D:1      | Learned a level 2 spell: Static Discharge
   582 | D:1      | Found a faded altar of an unknown god.
  1016 | D:2      | Found Houzep's Weapon Emporium.
  1236 | D:2      | Noticed Terence
  1238 | D:2      | Noticed Jessica
  1249 | D:2      | Killed Terence
  1250 | D:2      | Reached XP level 3. HP: 2/19 MP: 3/9
  1253 | D:2      | Killed from afar by Jessica

Illustrated notes

Levels and vault maps discovered:
D:1:      erik_arrival_triangle_large, layout_basic,
          shapermc_ecumenical_altar_totnotflames
D:2:      layout_loops_ring, serial_shops, nicolae_shop_bloodbath_and_beyond,
          uniq_jessica, uniq_terence

Skill      XL: |  1  2 |
---------------+-------+-----
Conjurations   | 2 |  2.8
Dodging        | |  2.4
Stealth        | |  2.4
Spellcasting   | |  3.0
Air Magic      | |  3.9

Action                     || total
---------------------------++-------
   Cast: Shock             ||    38
 Armour: Robe              ||     1
  Dodge: Dodged            ||     9

Table legend: (Time is in decaauts)
 A = Elapsed time spent in this place.
 B = Non-inter-level travel time spent in this place.
 C = Inter-level travel time spent in this place.
 D = Time resting spent in this place.
 E = Time spent auto-exploring this place.
 F = Levels seen in this place.
 G = Mean time per level.
                   A        B        C        D        E       F      G
               +--------+--------+--------+--------+--------+-----+--------+
         Total |   1252 |   1210 |     42 |     96 |    977 |   2 |  626.0 |
       Dungeon |   1252 |   1210 |     42 |     96 |    977 |   2 |  626.0 |
               +--------+--------+--------+--------+--------+-----+--------+

Top non-repeatable levels by time:
     D:1: 1015 daAuts
     D:2: 236 daAuts
